 Dungeon Crawl Stone Soup version 0.21.1-1-g345015f (webtiles) character file.

289 Mirai the Skirmisher (level 6, -2/48 HPs)
             Began as a Demonspawn Fighter on Apr 7, 2018.
             Slain by keltmir's ghost (12 damage)
             ... on level 4 of the Dungeon.
             The game lasted 00:05:15 (2137 turns).

Mirai the Skirmisher (Demonspawn Fighter)           Turns: 2137, Time: 00:05:17

Health: -2/48      AC:  8    Str: 24    XL:     6   Next: 9%
Magic:  6/6        EV:  7    Int:  9    God:
Gold:   91         SH: 11    Dex: 12    Spells: 5/5 levels left

rFire    . . .     SeeInvis .   a - +0 war axe
rCold    . . .     Gourm    .   c - +1 shield
rNeg     . . .     Faith    .   b - +0 scale mail
rPois    .         Spirit   .   (helmet restricted)
rElec    .         Reflect  .   j - +0 cloak
rCorr    .         Harm     .   (no gloves)
MR       .....                  (no boots)
Stlth    ..........             (no amulet)
HPRegen  0.16/turn              l - +3 ring of slaying
MPRegen  0.10/turn              (no ring)

@: mighty
A: antennae 1, spiny 1
a: no special abilities


You were on level 4 of the Dungeon.
You were not hungry.

You visited 1 branch of the dungeon, and saw 3 of its levels.
You also visited: Ossuary.

You collected 91 gold pieces.

Inventory:

Hand Weapons
 a - a +0 war axe (weapon)
 e - the +11 falchion "Kiahalo" {venom, *Contam +Rage Int+8 Dex-5, unknown}
   (You found it on level 4 of the Dungeon)

   It poisons the flesh of those it strikes.
   It affects your intelligence (+8).
   It affects your dexterity (-5).
   It lets you go berserk.
   It causes magical contamination when unequipped.
Armour
 b - a +0 scale mail (worn)
 c - a +1 shield (worn)
 j - a +0 cloak (worn)
Jewellery
 l - a +3 ring of slaying (left hand)
Scrolls
 g - a scroll of magic mapping
 i - 8 scrolls of identify
 k - a scroll of enchant weapon
 o - a scroll of immolation {unknown}
 q - a scroll of remove curse
 s - 2 scrolls of fog {unknown}
Potions
 h - a potion of brilliance
 m - 2 potions of curing
 n - 3 potions of lignification {unknown}
 p - a potion of mutation {unknown}
 r - a potion of magic {unknown}
 t - a potion of haste {unknown}
 u - a potion of flight {unknown}
 v - a potion of berserk rage {unknown}
Comestibles
 f - 9 rations


   Skills:
 + Level 4.2 Fighting
 + Level 3.2 Axes
 + Level 3.9 Armour
 + Level 3.9 Shields


You had 5 spell levels left.
You didn't know any spells.

Dungeon Overview and Level Annotations

Branches:
Dungeon (4/15)
 Temple: D:4-7

Altars:
Ashenzari

Annotations:
D:4 keltmir's ghost, amateur HOFi


Innate Abilities, Weirdness & Mutations

You have a pair of small antennae on your head.
You are partially covered in sharp spines.


Message History

Keltmir's ghost turns its malevolent gaze towards you.
You hear a shout!
You hear an angry hiss.
You feel very mighty all of a sudden.
Keltmir's ghost is struck by your spines.
Keltmir's ghost hits you!
A hobgoblin comes into view.
Your scale mail prevents you from hitting keltmir's ghost.
Keltmir's ghost is lightly damaged.
The hobgoblin shouts!
You block keltmir's ghost's attack. x2
You hit keltmir's ghost.
Keltmir's ghost is moderately damaged.
Keltmir's ghost hits you!
The hobgoblin throws a stone.
You block the stone.
You hit keltmir's ghost.
Keltmir's ghost is moderately damaged.
Keltmir's ghost is struck by your spines.
Keltmir's ghost hits you!
* * * LOW HITPOINT WARNING * * *
The hobgoblin throws a stone.
You block the stone. Keltmir's ghost hits you!
You die...

#.###...(.....# ##
.............(# #
###.#.#####.##..##
## ..##.
#.(.##(###. #.#.##
##.#(###(...
#..#.###.##.# ####.
. #.......###.# #.
.K.###.W...### #.#
#. #..g..@...# #.#
## ...###.....# #$#
#####
#..................
####...####.#######
##### # ## #.
.######. ........


You could see keltmir's ghost, a hobgoblin and a kobold (wandering).

Vanquished Creatures
  An ogre (D:4)
  Jessica (D:2)
  3 mummies (Ossuary)
  Robin (D:2)
  3 adders (D:2)
  A gnoll (D:4)
  An ooze (D:2)
  A worm (D:4)
  3 dart slugs
  2 leopard geckos (D:2)
  An orc (D:4)
  4 bats
  5 giant cockroaches
  A gnoll zombie (Ossuary)
  14 goblins
  6 hobgoblins
  4 jackals (D:2)
  7 kobolds
  3 quokkas
  A ball python (D:1)
  2 frilled lizards (D:1)
  2 goblin zombies (Ossuary)
  A hobgoblin zombie (Ossuary)
  4 kobold zombies (Ossuary)
  3 quokka zombies (Ossuary)
  2 rats (D:2)
  7 rat zombies (Ossuary)
84 creatures vanquished.

Notes
Turn   | Place    | Note
-------+----------+-------------------------------------------
     0 | D:1      | Mirai the Demonspawn Fighter began the quest for the Orb.
     0 | D:1      | Reached XP level 1. HP: 18/18 MP: 1/1
   114 | D:1      | Found a shattered altar of Ashenzari.
   145 | D:1      | Gained mutation: You have a pair of small antennae on your head. [demonic ancestry]
   145 | D:1      | Reached XP level 2. HP: 24/24 MP: 2/2
   771 | D:2      | HP: 1/24 [poisoned by a goblin]
   881 | D:2      | Reached XP level 3. HP: 9/29 MP: 3/3
  1300 | D:2      | Reached XP level 4. HP: 35/35 MP: 4/4
  1332 | D:2      | Noticed Robin
  1345 | D:2      | Killed Robin
  1422 | D:2      | Noticed Jessica
  1441 | D:2      | Killed Jessica
  1631 | D:2      | You fall through a shaft for 2 floors!
  1643 | D:4      | Noticed an ogre
  1648 | D:4      | Killed an ogre
  1648 | D:4      | Reached skill level 4 in Fighting
  1648 | D:4      | Gained mutation: You are partially covered in sharp spines. [demonic ancestry]
  1648 | D:4      | Reached XP level 5. HP: 42/42 MP: 5/5
  1679 | D:4      | Got a twisted falchion
  1792 | D:4      | Found a sand-covered staircase.
  1834 | Ossuary  | Entered an ossuary
  1844 | Ossuary  | Reached XP level 6. HP: 32/48 MP: 6/6
  2130 | D:4      | Noticed keltmir's ghost (amateur HOFi)
  2137 | D:4      | Slain by keltmir's ghost

Skill      XL: |  1  2  3  4 |
---------------+-------------+-----
Axes           | 2 3 |  3.2
Armour         | 3 |  3.9
Shields        | 3 |  3.9
Fighting       | 4 |  4.2

Action                   |  1- 3 |  4- 6 || total
-------------------------+-------+-------++-------
Melee: War axe           |    86 |   103 ||   189
  Use: Scroll            |     2 |     4 ||     6
       Potion            |     2 |     2 ||     4
  Eat: Chunk             |     1 |     3 ||     4
Armor: Scale mail        |    60 |    44 ||   104
Dodge: Dodged            |    46 |    21 ||    67
Block: Shield            |    65 |    56 ||   121
